 Dungeon Crawl Stone Soup version 0.28.0 (webtiles) character file.

Game seed: 8716383441713209546

59 issech the Cudgeller (level 3, 0/36 HPs)
             Began as a Troll Monk on Feb 12, 2022.
             Killed from afar by Natasha (5 damage)
             ... with a magic dart
             ... on level 2 of the Dungeon.
             The game lasted 00:03:04 (1130 turns).

issech the Cudgeller (Troll Monk)                   Turns: 1130, Time: 00:03:05

Health: 0/36       AC:  4    Str: 19    XL:     3   Next: 78%
Magic:  2/2        EV: 10    Int:  6    God:
Gold:   24         SH:  0    Dex: 14    Spells: 2/2 levels left

rFire   . . .      SeeInvis .   a - +0 mace
rCold   . . .      Faith    .   (no shield)
rNeg    . . .      Spirit   .   b - +0 robe
rPois   +          Reflect  .   (helmet restricted)
rElec   .          Harm     .   (no cloak)
rCorr   .          Rampage  .   (gloves unavailable)
Will    .....                   (boots unavailable)
Stlth   ++........              (no amulet)
HPRegen 0.92/turn               k - ring of poison resistance
MPRegen 0.08/turn               (no ring)

@: no status effects
A: large, unfitting armour, claws 3, regeneration 1, shaggy fur 1, tough skin 1
a: no special abilities


You were on level 2 of the Dungeon.
You visited 1 branch of the dungeon, and saw 2 of its levels.

You collected 24 gold pieces.

Inventory:

Hand Weapons
 a - a +0 mace (weapon)
Missiles
 c - 45 stones (quivered)
 f - 6 poisoned darts
 h - 2 curare-tipped darts
 i - 5 javelins
 l - 10 bolts
Armour
 b - a +0 robe (worn)
Jewellery
 k - a ring of poison resistance (left claw)
Scrolls
 g - a scroll of magic mapping {unknown}
 j - a scroll of amnesia {unknown}
 m - a scroll of blinking {unknown}
Potions
 d - a potion of might {unknown}
 e - a potion of mutation {unknown}


   Skills:
 + Level 2.9 Fighting
 + Level 3.3 Maces & Flails
 + Level 3.0 Dodging
 + Level 1.1 Stealth


You had 2 spell levels left.
You didn't know any spells.
Your spell library contained the following spells:

 Spells                   Type           Power      Damage    Failure   Level
 Sting                    Tmut/Pois      0%         1d3       45%         1
 Poisonous Vapours        Pois/Air       0%         N/A       58%         2
 Inner Flame              Hex/Fire       0%         N/A       83%         3
 Cause Fear               Hex            0%         N/A       99%         4
 Olgreb's Toxic Radiance  Pois           0%         N/A       99%         4
 Discord                  Hex            0%         N/A       100%        8


Dungeon Overview and Level Annotations

Branches:
Dungeon (2/15)

Altars:

Annotations:
D:2 1 runed translucent door, Crazy Yiuf, Natasha


Innate Abilities, Weirdness & Mutations

You are too large for most types of armour.
You have claws for hands.
Your natural rate of healing is unusually fast.
You are covered in fur. (AC +1)
You have tough skin. (AC +1)


Message History

The endoplasm hits you but does no damage.
You hit the endoplasm.
The endoplasm is heavily wounded.
The endoplasm hits you but does no damage.
You sock the endoplasm!
You kill the endoplasm!
Natasha, Servant of Life and Death comes into view.
Natasha hisses.
Natasha casts a spell.
You closely miss Natasha. Natasha casts a spell at you.
The magic dart hits you! Natasha barely misses you. The iron imp hits you.
You hit Natasha.
Natasha is moderately wounded.
Natasha stares at you and mumbles some strange words.
You resist with significant effort.
The iron imp summons a swarm of flies.
The iron imp barely misses you.
You closely miss Natasha.
Natasha is moderately wounded.
Natasha howls an incantation.
You feel troubled. Natasha barely misses you. The iron imp hits you.
You closely miss Natasha.
Natasha is moderately wounded.
Natasha claws you but does no damage. The iron imp hits you!
You barely miss Natasha.
Natasha is moderately wounded.
Natasha claws you. The iron imp hits you. Natasha claws you.
You hit Natasha.
Natasha is heavily wounded.
Natasha barely misses you. The iron imp barely misses you.
You barely miss Natasha.
Natasha is heavily wounded.
Natasha casts a spell.
The iron imp hits you!
* * * LOW HITPOINT WARNING * * *
Natasha casts a spell at you. The magic dart hits you.
You die...

........................#...#
##.....).###########.#.......
#..............# #.#.#.....
.........######.# #.#.#[...#
.........######.####.#.##.<..
.............##.........#..##
.........###.##.........#....
..##########.##.........##.##
............@h5..............
##.......##.##5####.#.####.#
.............#.# #.#.# #.#
........##'###.# #.#.# #..
........##.# #.# #.#†# ##.
........#8.8##.####.#.# #.
........##.##....##.#.# #[
........##.##..#.##.#.# #.
........#8.8####.##.#.# #.


You could see an iron imp (summoned), Natasha and a shadow imp (summoned).

Vanquished Creatures
  Natasha (D:2)
  An adder (D:2)
  A worm (D:2)
  3 ball pythons (D:1)
  2 bats (D:2)
  3 endoplasms
  3 goblins (D:1)
  3 quokkas
  2 kobolds (D:2)
  3 rats (D:1)
22 creatures vanquished.

Vanquished Creatures (others)
  2 fungi (D:2)
2 creatures vanquished.

Grand Total: 24 creatures vanquished

Notes
Turn   | Place    | Note
-------+----------+-------------------------------------------
     0 | D:1      | issech the Troll Monk began the quest for the Orb.
     0 | D:1      | Reached XP level 1. HP: 22/22 MP: 0/0
   234 | D:1      | Reached XP level 2. HP: 27/29 MP: 1/1
   777 | D:2      | Noticed Natasha
   788 | D:2      | Killed Natasha
   789 | D:2      | Reached XP level 3. HP: 20/36 MP: 2/2
  1023 | D:2      | Found a runed translucent door.
  1024 | D:2      | Noticed Crazy Yiuf
  1117 | D:2      | Noticed Natasha
  1130 | D:2      | Killed from afar by Natasha

Illustrated notes

Levels and vault maps discovered:
D:1:      dpeg_arrival_simpleton_b, layout_rooms, minmay_crystal_room,
          minmay_splitting_lines, due_unseen_surprise
D:2:      layout_basic, shapermc_ecumenical_altar_acropolis, dk_noncrumbling_2,
          uniq_natasha, uniq_crazy_yiuf_cottage

Skill      XL: |  1  2  3 |
---------------+----------+-----
Maces & Flails | 3 |  3.3
Dodging        | 3 |  3.0
Fighting       | |  2.9
Stealth        | |  1.1

Action                   || total
-------------------------++-------
Melee: Mace              ||    91
       Punch             ||     1
 Stab: Sleeping          ||     1
Armor: Robe              ||    41
Dodge: Dodged            ||    50
